 Dungeon Crawl Stone Soup version 0.29.1-1-gd02db6906a (webtiles) character file.

Game seed: 3865513829928357772

23041 croobank the Fighter (level 13, 0/106 (159) HPs)
             Began as a Merfolk Fighter on Sept 24, 2022.
             Was a High Priest of Okawaru.
             Slain by a fire crab (2 damage)
             ... on level 3 of the Lair of Beasts on Sept 25, 2022.
             The game lasted 02:44:26 (18682 turns).

croobank the Fighter (Merfolk Fighter)             Turns: 18682, Time: 02:44:27

HP:   0/106 (159)   AC: 26    Str: 16    XL:     13   Next: 4%
MP:   13/20         EV:  2    Int: 11    God:    Okawaru [*****.]
Gold: 821           SH: 15    Dex: 15    Spells: 22/22 levels left

rFire   + . .      SeeInvis .   D - +1 broad axe (flame)
rCold   x . .      Faith    .   c - +2 buckler
rNeg    . . .      Spirit   .   (body armour currently unavailable)
rPois   +          Reflect  +   (helmet currently unavailable)
rElec   .          Harm     .   (cloak currently unavailable)
rCorr   +          Rampage  .   (gloves currently unavailable)
Will    .....      NoTele   +   (boots currently unavailable)
Stlth   +++.......              u - amulet of reflection
HPRegen 0.27/turn               a - ring of fire
MPRegen 0.17/turn               g - ring of resist corrosion

@: lethally poisoned (0 -> -59), tree-form, heroic, very slightly contaminated,
very heavily drained, invisible
A: stationary, stasis, torment immunity, boosted hp, (nimble swimmer 2),
(mertail)
a: Renounce Religion, Heroism, Finesse, Duel


You were on level 3 of the Lair of Beasts.
You worshipped Okawaru.
Okawaru was extremely pleased with you.
You were a tree.
You visited 3 branches of the dungeon, and saw 15 of its levels.
You also visited: Gauntlet.

You collected 821 gold pieces.

Inventory:

Hand Weapons
 k - a +1 dagger of venom
 l - a +2 halberd of venom
 x - a +2 dagger of speed
 A - a +0 quarterstaff
 D - a +1 broad axe of flaming (weapon)
 G - a +0 halberd of venom
 I - a +3 falchion
 J - a +3 mace of freezing
 K - a +4 mace
 N - a +1 battleaxe of electrocution
 O - a +3 great sword
 P - a +3 scimitar
 R - a +0 shortbow
 V - a +1 demon blade of draining
Missiles
 E - 5 javelins (quivered)
 L - an atropa-tipped dart
 M - 2 curare-tipped darts
Armour
 b - a +0 scale mail
 c - a +2 buckler (worn)
 i - the +2 ring mail "Aceqepu" {rF+}
   (You found it on level 9 of the Dungeon)

   rF:        It protects you from fire.
 p - a +2 hat (melded)
 q - a scarf of shadows
 v - a +3 leather armour
 w - a scarf of invisibility (melded)
 B - a +0 pair of gloves of hurling (melded)
 H - a +1 pair of boots of stealth (melded)
 T - +0 acid dragon scales
 Y - the +4 chain mail of the Pit (melded) {Str+7 Dex+4}
   (You found it on level 11 of the Dungeon)

   Str:       It affects your strength (+7).
   Dex:       It affects your dexterity (+4).
Magical Staves
 F - a staff of fire
Jewellery
 a - a ring of fire (left branch)
 f - the ring "Yrhugaru" {Ice Drain Will+ Dex+10 SInv}
   (You found it on level 4 of the Dungeon)

   [ring of ice]

   It enhances your ice magic.
   Dex:       It affects your dexterity (+10).
   rF:        It makes you vulnerable to fire.
   rC:        It protects you from cold.
   SInv:      It lets you see invisible.
   Drain:     It drains your maximum health when unequipped.
   Will:      It increases your willpower.
 g - a ring of resist corrosion (right branch)
 u - an amulet of reflection (around neck)
 y - a +4 ring of protection
 z - a +4 ring of evasion
 U - an amulet of the acrobat
Wands
 j - a wand of roots (1)
 n - a wand of digging (6)
Scrolls
 h - a scroll of noise
 o - 3 scrolls of fog
 r - 3 scrolls of amnesia
 Q - a scroll of immolation
Potions
 d - a potion of degeneration
 e - 2 potions of curing
 s - a potion of flight
 t - 2 potions of ambrosia {unknown}
 C - a potion of berserk rage {unknown}
 W - 2 potions of attraction
 X - a potion of might
 Z - a potion of magic {unknown}


   Skills:
 - Level 11.1(16.1) Fighting
 - Level 1.6(6.6) Long Blades
 - Level 8.2(13.2) Axes
 - Level 7.8(12.8) Armour
 - Level 9.6(14.6) Shields
 - Level 5.2 Spellcasting
 - Level 7.3 Invocations
 + Level 5.0 Evocations


You had 22 spell levels left.
You didn't know any spells.
Your spell library contained the following spells:

 Spells                   Type           Power      Damage    Failure   Level
 Apportation              Tloc           4%         N/A       24%         1
 Freeze                   Ice            8%         1d3       24%         1
 Necrotise                Necr           8%         1d4       24%         1
 Sandblast                Erth           4%         2d4       24%         1
 Passwall                 Tmut/Erth      1%         N/A       36%         2
 Scorch                   Fire           8%         2d5       36%         2
 Static Discharge         Conj/Air       2%         3-4/arc   36%         2
 Frozen Ramparts          Ice            4%         1d1       58%         3
 Portal Projectile        Hex/Tloc       4%         N/A       58%         3
 Stone Arrow              Conj/Erth      4%         3d7       58%         3
 Dispel Undead            Necr           2%         3d7       94%         4
 Flame Wave               Conj/Fire      4%         2d5       94%         4
 Hailstorm                Conj/Ice       2%         3d3       94%         4
 Petrify                  Tmut/Erth      2%         N/A       94%         4
 Sticky Flame             Conj/Fire      4%         2d3       94%         4
 Blade Hands              Tmut           1%         N/A       100%        5
 Lightning Bolt           Conj/Air       1%         1d12      100%        5
 Metabolic Englaciation   Hex/Ice        1%         N/A       100%        5
 Statue Form              Tmut/Erth      1%         N/A       100%        6
 Maxwell's Capacitive Co  Air            1%         ∞         100%        8
 Summon Small Mammal      Summ           Unusable   N/A       N/A         1
 Tukima's Dance           Hex            Unusable   N/A       N/A         3
 Summon Cactus Giant      Summ           Unusable   N/A       N/A         6

Dungeon Overview and Level Annotations

Branches:
Dungeon (11/15)            Temple (1/1) D:5            Lair (3/5) D:10
 Spider (0/4) Lair:3      Gauntlet (visited)
  Swamp: Lair:2-3    Shoals: Lair:2-3       Orc: D:9-12

Altars:
Ashenzari
Cheibriados
Dithmenos
Elyvilon
Fedhas
Gozag
Hepliaklqana
Kikubaaqudgha
Makhleb
Nemelex Xobeh
Okawaru
Qazlal
Sif Muna
Trog
Uskayaw
Vehumet
Wu Jian
Xom
Yredelemnul
Zin
The Shining One

Shops:
D:5 *

Annotations:
Lair:3 Urug


Innate Abilities, Weirdness & Mutations

You are a tree.
Your roots penetrate the ground, keeping you stationary.
You cannot be teleported.
You are immune to unholy pain and torment.
Your maximum health is greatly increased.
Your equipment is partially melded.
((You are very nimble when in or above water. (Stealth+, EV+, Speed+++)))
((Your lower body shifts to a powerful aquatic tail in water.))


Message History

You are poisoned.
The cane toad poisons you!
Okay, then.
Okay, then.
Okay, then.
Okay, then.
You feel drained.
You fade into invisibility!
You are very lightly contaminated with residual magic.
* * * LOW HITPOINT WARNING * * *
You feel very sick. The black mamba bites you!
* * * LOW HITPOINT WARNING * * *
You are more poisoned.
The black mamba poisons you! The black mamba barely misses you.
You block the wolf's attack. The fire crab barely misses you.
The fire crab completely misses you.
Urug drinks a potion.
Urug suddenly seems more resistant.
You block the cane toad's attack. The black mamba closely misses you.
Really quaff the potion of lignification?
You turn into a tree.
Your scarf of invisibility melds into your body.
Your +2 hat melds into your body.
Your +0 pair of gloves of hurling melds into your body.
Your +1 pair of boots of stealth melds into your body.
The +4 chain mail of the Pit {Str+7 Dex+4} melds into your body.
Your aim is not that steady anymore.
You feel less stealthy.
Your roots penetrate the ground.
* * * LOW HITPOINT WARNING * * *
You feel extremely sick. You block the black mamba's attack.
You block the wolf's attack. You block the black mamba's attack.
The black mamba bites you but does no damage.
You block the wolf's attack. The cane toad stings you.
* * * LOW HITPOINT WARNING * * *
You are more poisoned.
The cane toad poisons you!
The fire crab bites you but does no damage.
The fire crab claws you.
You die...

♣♣♣ ##.≈≈≈≈≈^# .?...
♣♣♣..♣###...≈.^..#
.....♣♣.#....###..^....#
..o...........##^..#.#^#
...............#^....^.#
.P...............##.#...
#................^.^.#.
##....ht....P..#.^...#.#
#....lF♣......>#########
##....SS.........## #
#P.........#####..# #
......(....# #..# #
...........# ###..# ####
..#.#..##..###P#†.###.##
. ##### #....P...l......
##...............
#..........P###PP


You could see Urug (resistant, unable to see you), a fire crab (unable to see
you), 2 black mambas, a cane toad (unable to see you), a wyvern (unable to see
you) and a wolf.

Vanquished Creatures
  A boulder beetle (Lair:1)
  A ghost crab (Gauntlet)
  2 two-headed ogres (D:10)
  3 death yaks
  Sonja (Arena)
  An orb spider (Lair:3)
  A necromancer (Gauntlet)
  A manticore (D:11)
  A cyclops (D:11)
  2 black mambas
  A torpor snail (Lair:1)
  5 cane toads
  A gargoyle (D:10)
  A rime drake (Lair:3)
  A kobold demonologist (D:10)
  4 komodo dragons
  A polar bear (D:10)
  4 slime creatures (D:10)
  A hornet (D:7)
  Sigmund (D:4)
  2 wyverns
  4 centaur simulacra (D:10)
  A vampire (Arena)
  2 wraiths
  An unseen horror simulacrum (D:10)
  25 yaks
  A basilisk (Lair:2)
  An acid dragon (D:10)
  6 water moccasins
  An orc warrior (D:8)
  3 ice beasts
  2 black bears (D:6)
  8 wolves
  2 ogres
  3 centaurs
  2 phantoms
  2 kobold brigands (D:10)
  7 bullfrogs
  3 necrophages
  A gnoll sergeant (D:9)
  3 scorpions
  16 wights
  21 killer bees
  3 howler monkeys (D:9)
  3 hounds
  A jelly (D:8)
  An orc priest (D:5)
  4 gnoll boudas
  2 iguanas
  Natasha (twice) (D:4)
  8 orc wizards
  21 gnolls
  5 adders
  2 white imps (D:10)
  2 worms
  3 dart slugs
  11 orcs
  2 ball pythons
  A bat (D:1)
  5 endoplasms
  A giant cockroach (D:2)
  5 goblins
  3 hobgoblins
  4 jackals (D:4)
  4 quokkas
  8 kobolds
  2 rats (D:1)
254 creatures vanquished.

Vanquished Creatures (collateral kills)
  A kobold (D:1)
1 creature vanquished.

Vanquished Creatures (others)
  4 fungi
  12 plants
  12 toadstools (Lair:3)
28 creatures vanquished.

Grand Total: 283 creatures vanquished

Notes
Turn   | Place    | Note
-------+----------+-------------------------------------------
     0 | D:1      | croobank the Merfolk Fighter began the quest for the Orb.
     0 | D:1      | Reached XP level 1. HP: 18/18 MP: 1/1
    63 | D:1      | Reached XP level 2. HP: 10/24 MP: 2/2
   533 | D:1      | Reached XP level 3. HP: 28/29 MP: 3/3
  2249 | D:3      | You fall into a shaft and drop 1 floor!
  2299 | D:4      | Reached XP level 4. HP: 34/37 MP: 4/4
  2506 | D:4      | Reached skill level 4 in Fighting
  2602 | D:4      | Noticed a necrophage
  2626 | D:4      | Killed a necrophage
  2627 | D:4      | Reached XP level 5. HP: 22/42 MP: 5/5
  2772 | D:4      | Noticed Natasha
  2791 | D:4      | Killed Natasha
  2803 | D:4      | Reached XP level 6. HP: 11/49 MP: 6/6
  3069 | D:4      | Noticed Sigmund
  3086 | D:4      | Killed Sigmund
  3167 | D:4      | Identified the ring "Yrhugaru" {Ice Drain Will+ Dex+10
                  | SInv}
  3197 | D:4      | Noticed Natasha
  3206 | D:4      | Killed Natasha
  3207 | D:4      | Reached skill level 5 in Fighting
  3510 | D:5      | Entered Level 5 of the Dungeon
  3527 | D:5      | Reached XP level 7. HP: 9/56 MP: 7/7
  4223 | D:5      | Found Tips's Overcharged Wands.
  4304 | D:5      | Reached skill level 5 in Shields
  4685 | D:5      | Found a staircase to the Ecumenical Temple.
  4691 | Temple   | Entered the Ecumenical Temple
  4735 | Temple   | Became a worshipper of Warmaster Okawaru
  4918 | D:5      | Reached XP level 8. HP: 31/64 MP: 8/8
  5189 | D:6      | Reached skill level 6 in Fighting
  5587 | D:6      | Found a glowing silver altar of Zin.
  5895 | D:6      | Reached * piety under Okawaru
  5958 | D:6      | Found a shimmering blue altar of Sif Muna.
  5962 | D:6      | Found a blossoming altar of Fedhas.
  5971 | D:6      | Found a white marble altar of Elyvilon.
  6167 | D:7      | Reached XP level 9. HP: 66/71 MP: 9/9
  6177 | D:7      | Reached skill level 7 in Fighting
  6201 | D:7      | Reached skill level 5 in Axes
  6232 | D:7      | Reached skill level 5 in Armour
  6252 | D:7      | Reached ** piety under Okawaru
  6812 | D:7      | Found a stormy altar of Qazlal.
  6815 | D:7      | Noticed a hornet
  6828 | D:7      | Killed a hornet
  7162 | D:8      | Reached skill level 8 in Fighting
  8072 | D:8      | Reached XP level 10. HP: 66/81 MP: 10/10
  8080 | D:8      | Reached *** piety under Okawaru
  8081 | D:8      | Reached skill level 1 in Invocations
  8516 | D:9      | Identified the +2 ring mail "Aceqepu" {rF+}
  9262 | D:9      | Reached **** piety under Okawaru
  9263 | D:9      | Reached skill level 9 in Fighting
  9856 | D:9      | Found a radiant altar of Vehumet.
  9856 | D:9      | Found an opulent altar of Gozag.
  9857 | D:9      | Found a sparkling altar of Nemelex Xobeh.
  9985 | D:9      | Reached skill level 1 in Spellcasting
 10612 | D:9      | Reached XP level 11. HP: 77/89 MP: 14/14
 10714 | D:9      | Found a glowing golden altar of the Shining One.
 10886 | D:9      | Found an ornate altar of the Wu Jian Council.
 10920 | D:10     | Entered Level 10 of the Dungeon
 11250 | D:10     | Noticed a two-headed ogre
 11265 | D:10     | Killed a two-headed ogre
 11265 | D:10     | Reached ***** piety under Okawaru
 11314 | D:10     | Reached skill level 5 in Invocations
 11320 | D:10     | Received a gift from Okawaru
 11890 | D:10     | Reached skill level 10 in Fighting
 12180 | D:10     | Found a staircase to the Lair.
 12205 | D:10     | Found a burning altar of Makhleb.
 12269 | D:10     | Noticed a two-headed ogre
 12284 | D:10     | Killed a two-headed ogre
 12284 | D:10     | Received a gift from Okawaru
 12322 | Arena    | Entered the Arena
 12682 | D:10     | Found a snail-covered altar of Cheibriados.
 13439 | D:11     | Noticed a manticore
 13454 | D:11     | Killed a manticore
 13455 | D:11     | Noticed a cyclops
 13467 | D:11     | Killed a cyclops
 13577 | D:11     | Reached XP level 12. HP: 98/98 MP: 17/17
 13583 | D:11     | Noticed a seven-headed hydra
 13875 | D:11     | Identified the +4 chain mail of the Pit {Str+7 Dex+4}
 14210 | Lair:1   | Entered Level 1 of the Lair of Beasts
 15150 | Lair:1   | You fall into a shaft and drop 1 floor!
 15331 | Lair:1   | Noticed a death yak
 15355 | Lair:1   | Killed a death yak
 16008 | Lair:2   | Noticed a boulder beetle
 16041 | Lair:1   | Killed a boulder beetle
 16041 | Lair:1   | Received a gift from Okawaru
 16760 | Lair:2   | Reached skill level 11 in Fighting
 16798 | Lair:2   | Noticed a death yak
 16831 | Lair:3   | Reached skill level 5 in Spellcasting
 16831 | Lair:3   | Killed a death yak
 16832 | Lair:3   | Reached skill level 1 in Long Blades
 16834 | Lair:2   | Noticed a death yak
 16836 | Lair:2   | Noticed a death yak
 16861 | Lair:3   | Killed a death yak
 16871 | Lair:3   | Found a gate leading to a gauntlet.
 16946 | Gauntlet | Entered a Gauntlet
 16946 | Gauntlet | Found a transporter.
 16946 | Gauntlet | Found a transporter.
 16950 | Gauntlet | Found a transporter.
 16955 | Gauntlet | Noticed a reaper
 16960 | Gauntlet | Found a transporter.
 16969 | Gauntlet | Noticed a hell beast
 16977 | Gauntlet | Noticed a ghost crab
 16978 | Gauntlet | Noticed an entropy weaver
 16981 | Gauntlet | Found a transporter.
 16981 | Gauntlet | Found a transporter.
 16998 | Gauntlet | Found a transporter.
 17005 | Gauntlet | Found a transporter.
 17016 | Gauntlet | Found a transporter.
 17026 | Gauntlet | Found a transporter.
 17070 | Gauntlet | Found a transporter.
 17072 | Gauntlet | Found a large runed translucent door.
 17072 | Gauntlet | Found a large runed translucent door.
 17073 | Gauntlet | Found a large runed translucent door.
 17073 | Gauntlet | Found a large runed translucent door.
 17074 | Gauntlet | Found a large runed translucent door.
 17074 | Gauntlet | Found a runed translucent door.
 17074 | Gauntlet | Found a large runed translucent door.
 17074 | Gauntlet | Found a runed translucent door.
 17074 | Gauntlet | Found a large runed translucent door.
 17074 | Gauntlet | Found a large runed translucent door.
 17076 | Gauntlet | Found a large runed translucent door.
 17076 | Gauntlet | Found a large runed translucent door.
 17078 | Gauntlet | Found a large runed translucent door.
 17078 | Gauntlet | Found a large runed translucent door.
 17080 | Gauntlet | Found a large runed translucent door.
 17080 | Gauntlet | Found a large runed translucent door.
 17080 | Gauntlet | Found a large runed translucent door.
 17082 | Gauntlet | Found a runed translucent gate.
 17082 | Gauntlet | Found a runed translucent gate.
 17082 | Gauntlet | Found a runed translucent gate.
 17083 | Gauntlet | Noticed a green death
 17084 | Gauntlet | Found a transporter.
 17097 | Gauntlet | Found a large runed translucent door.
 17099 | Gauntlet | Found a transporter.
 17102 | Gauntlet | Found a transporter.
 17207 | Gauntlet | Found a transporter.
 17222 | Gauntlet | Found a transporter.
 17604 | Gauntlet | Reached skill level 1 in Evocations
 18140 | Gauntlet | Killed a ghost crab
 18324 | Gauntlet | Identified the +12 quick blade "Upham" {flame, rN+ MP+9}
 18324 | Gauntlet | Noticed a minotaur
 18543 | Lair:3   | Found a hole to the Spider Nest.
 18558 | Lair:3   | Reached XP level 13. HP: 75/97 MP: 20/20
 18657 | Lair:3   | Noticed Sonja
 18662 | Arena    | Entered the Arena
 18664 | Arena    | Killed Sonja
 18665 | Arena    | Reached skill level 5 in Evocations
 18678 | Lair:3   | Noticed Urug
 18682 | Lair:3   | HP: 4/106 [poisoned by a black mamba]
 18682 | Lair:3   | Slain by a fire crab

Illustrated notes

Levels and vault maps discovered:
D:1:      ncdulo_watergridlock, layout_loops_ring
D:2:      layout_loops_corners
D:3:      layout_loops_corners, reono_crystal_passage, minmay_quadrilaterals,
          uniq_jessica, uniq_ijyb
D:4:      layout_loops_ring, st_stairs_14, minmay_misc_feat_rugged,
          uniq_natasha, uniq_sigmund
D:5:      layout_loops_ring, minmay_temple_entry_fiery, nrook_mini_vaults,
          nicolae_shop_overcharged_wands
D:6:      layout_loops_cross, zin_scriptorium, minmay_overflow_temple_star_quad
D:7:      layout_loops_ring, mainiacjoe_overflow_surrounded_room
D:8:      layout_loops_ring, serial_glass, glass_columns_b, glass_columns_c
D:9:      layout_loops_ring, pdpol_wu_jian_five_deadly_venoms,
          nicolae_overflow_quartered_altars, enter_bailey_2,
          chequers_decorated_corner
D:10:     layout_long_grid, cheibrodos_worm_habitat, bloody_makhleb,
          lair_entry_dummy, serial_ice, serial_ice_o, serial_ice_n,
          serial_ice_f, serial_ice_b
D:11:     layout_cave_pods, uniq_psyche
Temple:   cyrus_temple_forest
Lair:1:   layout_gridlike
Lair:2:   layout_layer_cave, minmay_swamp_entry_worms, nzn_sisyphean_effort,
          serial_bayou_shore_b
Lair:3:   gammafunk_lair_enchanted_lake, layout_small_grid,
          nicolae_spider_entry_orb_guardian, nicolae_volcano_entry_batcave,
          gauntlet_entry_generic, uniq_nessos, uniq_rupert, uniq_sonja,
          uniq_urug

Skill      XL: |  1  2  3  4  5  6  7  8  9 10 11 12 13 |
---------------+----------------------------------------+-----
Axes           | 2 3 4 5 6 7 8 |  8.2
Fighting       | 4 5 6 8 9 10 11 | 11.1
Armour         | 3 4 5 6 7 |  7.8
Shields        | 4 5 6 7 8 9 |  9.6
Invocations    | 4 6 7 |  7.3
Spellcasting   | 1 3 5 |  5.2
Long Blades    | 1 |  1.6
Evocations     | 4 5 |  5.0

Action                   |  1- 3 |  4- 6 |  7- 9 | 10-12 | 13-15 || total
-------------------------+-------+-------+-------+-------+-------++-------
Melee: War axe           |    60 |    80 |    80 |       |       ||   220
       Dagger            |       |       |   183 |       |       ||   183
       Broad axe         |       |       |   183 |   616 |     3 ||   802
       Demon blade       |       |       |       |    73 |       ||    73
Throw: Boomerang         |       |     3 |       |       |       ||     3
       Throwing net      |       |       |       |     2 |       ||     2
       Dart              |       |       |       |     1 |       ||     1
       Javelin           |       |       |       |     1 |       ||     1
Invok: Heroism           |       |       |       |     4 |     1 ||     5
       Finesse           |       |       |       |     3 |       ||     3
       Duel              |       |       |       |     1 |     1 ||     2
 Abil: Evoke Invisibilit |       |       |       |       |     1 ||     1
Evoke: Wand              |       |       |    17 |    24 |     2 ||    43
  Use: Scroll            |     6 |     4 |     6 |    14 |       ||    30
       Potion            |       |     2 |     1 |    13 |     2 ||    18
 Stab: Invisible         |       |       |     4 |    42 |       ||    46
       Paralysed         |       |       |       |    22 |       ||    22
       Distracted        |       |       |       |     1 |       ||     1
Armor: Scale mail        |    25 |    35 |    16 |       |       ||    76
       Leather armour    |       |       |   154 |    43 |       ||   197
       Ring mail         |       |       |       |   113 |       ||   113
       Skin              |       |       |       |    12 |     2 ||    14
       Chain mail        |       |       |       |    71 |    10 ||    81
Dodge: Dodged            |    21 |    31 |   155 |   231 |    15 ||   453
Block: Buckler           |    14 |    21 |   322 |   584 |    22 ||   963
       Reflection        |       |       |     1 |    10 |     1 ||    12
